 Dungeon Crawl Stone Soup version 0.22-a0-879-g615c57abe7 (webtiles) character file.

4020 Htamos the Geomancer (level 10, -30/94 HPs)
             Began as a Troll Earth Elementalist on July 30, 2018.
             Was a Believer of Okawaru.
             Annihilated by a white ugly thing (33 damage)
             ... on level 9 of the Dungeon.
             The game lasted 00:21:31 (6950 turns).

Htamos the Geomancer (Troll Earth Elementalist)     Turns: 6950, Time: 00:21:32

Health: -30/94     AC:  7    Str: 18    XL:     10   Next: 3%
Magic:  12/13      EV: 12    Int: 12    God:    Okawaru [**....]
Gold:   370        SH: 15    Dex: 12    Spells: 3/14 levels left

rFire    . . .     SeeInvis .     - Unarmed
rCold    . . .     Gourm    +   l - +0 large shield
rNeg     . . .     Faith    .   a - +2 robe
rPois    +         Spirit   .   (helmet restricted)
rElec    .         Reflect  .   (no cloak)
rCorr    .         Harm     .   (gloves unavailable)
MR       .....                  (boots unavailable)
Stlth    +++.......             (no amulet)
HPRegen  0.65/turn              p - ring of poison resistance
MPRegen  0.13/turn              (no ring)

@: heroism
A: large, unfitting armour, claws 3, fast metabolism 3, gourmand, regeneration
1, shaggy fur 1, tough skin 2
a: Heroism, Renounce Religion


You were on level 9 of the Dungeon.
You worshipped Okawaru.
Okawaru was pleased with you.
You were completely stuffed.

You visited 2 branches of the dungeon, and saw 10 of its levels.

You collected 482 gold pieces.
You spent 112 gold pieces at shops.

Inventory:

Hand Weapons
 o - a +0 falchion of holy wrath
 y - a +0 fustibalus
Missiles
 b - 279 stones (quivered)
Armour
 a - a +2 robe (worn)
 c - a +1 robe
 l - a +0 large shield (worn)
Jewellery
 p - a ring of poison resistance (left claw)
Wands
 n - a wand of digging (16)
Scrolls
 f - 2 scrolls of teleportation
 g - 4 scrolls of remove curse
 h - a scroll of enchant weapon {unknown}
 i - a scroll of magic mapping {unknown}
 j - 2 scrolls of enchant armour
 k - a scroll of amnesia
 s - 5 scrolls of identify
 B - a scroll of immolation {unknown}
Potions
 e - 2 potions of heal wounds {unknown}
 m - 2 potions of curing
 q - a potion of brilliance {unknown}
 r - a potion of mutation {unknown}
 t - a potion of invisibility {unknown}
 u - a potion of agility {unknown}
 v - a potion of cancellation
 w - a potion of haste {unknown}
 x - a potion of magic
 z - 2 potions of flight {unknown}
Comestibles
 d - 20 rations
 A - 3 chunks of flesh


   Skills:
 + Level 4.7(9.7) Fighting
 * Level 5.7(10.7) Dodging
 - Level 1.0(6.0) Stealth
 + Level 1.8(6.8) Shields
 + Level 5.8(10.8) Unarmed Combat
 + Level 2.7 Spellcasting
 - Level 0.6 Transmutations
 * Level 8.3 Earth Magic


You had 3 spell levels left.
You knew the following spells:

 Your Spells              Type           Power        Failure   Level  Hunger
a - Sandblast             Erth           ###...       4%          1    #......
b - Passwall              Tmut/Erth      ##......     34%         2    ###....
c - Stone Arrow           Conj/Erth      ##....       61%         3    ###....
d - Lee's Rapid Deconstr  Erth           ###.......   78%         5    ######.

Your spell library contained the following spells:

 Spells                   Type           Power        Failure   Level  Hunger
 Confuse                  Hex            #.......     99%         3    ###....
 Summon Demon             Summ           #.........   100%        5    ######.
 Recall                   Summ/Tloc      N/A          99%         3    ###....
 Shadow Creatures         Summ           N/A          100%        6    #######
 Confusing Touch          Hex            #.....       82%         1    #......
 Metabolic Englaciation   Hex/Ice        #.........   100%        5    ######.
 Petrify                  Tmut/Erth      ##......     93%         4    #####..
 Aura of Abjuration       Summ           #.........   100%        5    ######.
 Summon Forest            Summ/Tloc      #.........   100%        5    ######.
 Summon Mana Viper        Hex/Summ       #.......     100%        5    ######.
 Gell's Gravitas          Tloc           #.........   99%         3    ###....
 Yara's Violent Unravell  Hex/Tmut       #.........   100%        5    ######.


Dungeon Overview and Level Annotations

Branches:
Dungeon (9/15)             Temple (1/1) D:5
   Lair: D:8-11         Orc: D:9-12

Altars:
Ashenzari
Cheibriados
Dithmenos
Elyvilon
Fedhas
Gozag
Hepliaklqana
Kikubaaqudgha
Makhleb
Nemelex Xobeh
Okawaru
Qazlal
Ru
Sif Muna
Trog
Uskayaw
Vehumet
Wu Jian
Xom
Yredelemnul
Zin
The Shining One

Shops:
D:6 [   D:9 }


Innate Abilities, Weirdness & Mutations

You are too large for most types of armour.
You have claws for hands.
Your metabolism is lightning-fast.
You like to eat raw meat.
Your natural rate of healing is unusually fast.
You are covered in fur. (AC +1)
You have very tough skin. (AC +2)


Message History

The white ugly thing kicks you! The white ugly thing freezes you!
You barely miss the white ugly thing. The white ugly thing kicks you!
The white ugly thing freezes you!
You gain the combat prowess of a mighty hero.
You block the white ugly thing's attack.
You closely miss the white ugly thing. The white ugly thing barely misses you.
You claw the white ugly thing!
The white ugly thing is lightly wounded.
The white ugly thing kicks you!
* * * LOW HITPOINT WARNING * * *
The white ugly thing freezes you!!
* * * LOW HITPOINT WARNING * * *
Evoke which item? (* to show all) (? for menu, Esc to quit)
Okay, then.
Okay, then.
It was a potion of cancellation.
You feel magically purged. The white ugly thing kicks you!
* * * LOW HITPOINT WARNING * * *
The white ugly thing freezes you!!
You die...

#....)..###.##....
#.......##..##....
#.......##.###..)<
#.......#((# #....
#.....).()## #....
+.......### #....
#.......# #....
##..###### ###..
##.@#########
####.
#..u........#
#....
#...........#
#....
#...........#
#....
#...........+
#....
#...........#
#....
#....?......#
#....
#...........#
#....
#...........#
+....


You could see a white ugly thing.

Vanquished Creatures
  A two-headed ogre (D:8)
  Prince Ribbit (D:8)
  A hippogriff (D:8)
  Sigmund (D:3)
  A spriggan (D:7)
  2 ice beasts (D:7)
  2 sky beasts
  7 ogres
  A phantom (D:7)
  2 centaurs
  4 bullfrogs
  A wyvern zombie (D:9)
  4 wights
  A howler monkey (D:9)
  4 crimson imps
  A jelly (D:7)
  A hound (D:5)
  A centaur skeleton (D:8)
  4 orc priests
  3 iguanas
  Natasha (thrice) (D:2)
  3 orc wizards
  6 worker ants
  7 gnolls
  11 adders
  2 shadow imps
  2 oozes
  An adder zombie (D:7)
  An adder skeleton (D:8)
  2 worms
  A dart slug (D:1)
  6 leopard geckos
  11 orcs
  A ball python (D:4)
  3 giant cockroaches
  7 goblins
  3 hobgoblins
  4 jackals (D:3)
  7 kobolds
  6 quokkas
  6 bats
  4 frilled lizards
  A leopard gecko skeleton (D:4)
  8 rats
149 creatures vanquished.

Notes
Turn   | Place    | Note
-------+----------+-------------------------------------------
     0 | D:1      | Htamos the Troll Earth Elementalist began the quest for the Orb.
     0 | D:1      | Reached XP level 1. HP: 16/16 MP: 1/1
    66 | D:1      | Reached XP level 2. HP: 24/24 MP: 3/3
   184 | D:1      | Reached skill level 3 in Earth Magic
   277 | D:1      | Reached skill level 1 in Unarmed Combat
   300 | D:1      | Reached XP level 3. HP: 31/32 MP: 4/4
   898 | D:2      | Noticed Natasha
   904 | D:2      | Killed Natasha
   904 | D:2      | Reached skill level 1 in Fighting
   904 | D:2      | Reached XP level 4. HP: 27/41 MP: 5/5
  1148 | D:2      | Noticed Natasha
  1161 | D:2      | Killed Natasha
  1292 | D:2      | Noticed Natasha
  1311 | D:2      | Killed Natasha
  1311 | D:2      | Reached XP level 5. HP: 16/48 MP: 6/6
  1603 | D:3      | Noticed Sigmund
  1653 | D:3      | Killed Sigmund
  1653 | D:3      | Reached skill level 4 in Earth Magic
  1653 | D:3      | Reached XP level 6. HP: 33/57 MP: 0/7
  2369 | D:3      | Reached skill level 5 in Earth Magic
  2508 | D:4      | Reached XP level 7. HP: 55/66 MP: 8/8
  2947 | D:5      | Entered Level 5 of the Dungeon
  3242 | D:5      | Reached skill level 6 in Earth Magic
  3242 | D:5      | Reached XP level 8. HP: 67/75 MP: 9/9
  3300 | D:5      | Found a staircase to the Ecumenical Temple.
  3325 | Temple   | Entered the Ecumenical Temple
  3445 | Temple   | Learned a level 2 spell: Passwall
  3449 | Temple   | Learned a level 3 spell: Stone Arrow
  3455 | Temple   | Became a worshipper of Warmaster Okawaru
  3852 | D:6      | Found Netzat's Antique Armour Shop.
  4315 | D:6      | Reached * piety under Okawaru
  4520 | D:7      | Reached skill level 7 in Earth Magic
  4569 | D:7      | Learned a level 5 spell: Lee's Rapid Deconstruction
  4951 | D:7      | Reached XP level 9. HP: 68/84 MP: 9/11
  5011 | D:7      | Reached skill level 5 in Unarmed Combat
  5831 | D:8      | Noticed a two-headed ogre
  5874 | D:6      | Bought a large shield for 112 gold pieces
  5924 | D:7      | Found a basalt altar of Yredelemnul.
  5924 | D:7      | Found a snail-covered altar of Cheibriados.
  5947 | D:8      | Reached ** piety under Okawaru
  6183 | D:8      | Killed a two-headed ogre
  6183 | D:8      | Reached skill level 5 in Dodging
  6183 | D:8      | Reached skill level 1 in Shields
  6183 | D:8      | Reached skill level 8 in Earth Magic
  6544 | D:8      | Noticed Prince Ribbit
  6580 | D:8      | Killed Prince Ribbit
  6646 | D:8      | Found a hide-covered altar of Uskayaw.
  6646 | D:8      | Found a deep blue altar of Sif Muna.
  6676 | D:9      | Found Jiab's Gadget Emporium.
  6734 | D:9      | Reached XP level 10. HP: 94/94 MP: 13/13
  6937 | D:9      | Noticed a white ugly thing
  6950 | D:9      | HP: 3/94 [white ugly thing (15)]
  6950 | D:9      | Annihilated by a white ugly thing

Vault maps used:
D:1:      erik_arrival_blinker_ship, minmay_pentomino_z2
D:2:      uniq_natasha
D:3:      first_ration, uniq_sigmund
D:4:      kennysheep_decorative_pillar
D:5:      minmay_temple_entry_purple_smoke
D:6:      serial_shops, shop, dk_noncrumbling_3
D:7:      nicolae_overflow_hidden_temple, the_bakery, lightli_corner_chamber
D:8:      gammafunk_temple_overflow_elements, uniq_prince_ribbit1
D:9:      serial_shops, shop
Temple:   compressed_dpeg_circular_temple

Skill      XL: |  1  2  3  4  5  6  7  8  9 |
---------------+----------------------------+-----
Earth Magic    | 3 4 5 6 7 8 |  8.3
Unarmed Combat | 1 2 3 4 5 |  5.8
Dodging        | 2 3 4 5 |  5.7
Fighting       | 1 2 3 4 |  4.7
Spellcasting   | 2 |  2.7
Shields        | 1 |  1.8
Stealth        | |  1.0
Transmutations | |  0.6

Action                   |  1- 3 |  4- 6 |  7- 9 | 10-12 || total
-------------------------+-------+-------+-------+-------++-------
Melee: Unarmed           |   104 |   144 |   403 |    36 ||   687
       Punch             |     1 |       |     7 |       ||     8
 Cast: Sandblast         |       |     8 |     3 |       ||    11
       Stone Arrow       |       |       |     1 |       ||     1
Invok: Heroism           |       |       |     2 |     1 ||     3
Evoke: Wand              |       |       |     7 |       ||     7
  Use: Potion            |       |     4 |     1 |     1 ||     6
       Scroll            |       |       |     8 |       ||     8
 Stab: Sleeping          |     2 |       |     2 |       ||     4
  Eat: Chunk             |    13 |    12 |    40 |     3 ||    68
       Ration            |       |       |     1 |       ||     1
Armor: Robe              |    30 |    49 |   108 |     7 ||   194
       Skin              |       |    38 |       |       ||    38
Dodge: Dodged            |    48 |    83 |   196 |    12 ||   339
Block: Large shield      |       |       |    75 |    24 ||    99

Table legend:
 A = Spawn XP
 B = Non-spawn XP
 C = Spawn XP percentage of total XP
 D = Spawn monster count
 E = Non-spawn monster count
 F = Spawn count percentage of total count
 G = Total turns spent on level
                    A         B        C        D         E        F      G
               +---------+---------+-------+---------+---------+-------+---------
         Total |       0 |    5744 |   0.0 |       0 |     149 |   0.0 |  6950
               +---------+---------+-------+---------+---------+-------+---------
           D:1 |       0 |      48 |   0.0 |       0 |      23 |   0.0 |   648
           D:2 |       0 |     165 |   0.0 |       0 |      15 |   0.0 |   757
           D:3 |       0 |     380 |   0.0 |       0 |      22 |   0.0 |   776
           D:4 |       0 |     661 |   0.0 |       0 |      12 |   0.0 |   873
           D:5 |       0 |     489 |   0.0 |       0 |      12 |   0.0 |   602
           D:6 |       0 |     554 |   0.0 |       0 |      13 |   0.0 |   724
           D:7 |       0 |    1160 |   0.0 |       0 |      23 |   0.0 |  1394
           D:8 |       0 |    1985 |   0.0 |       0 |      19 |   0.0 |   759
           D:9 |       0 |     302 |   0.0 |       0 |      10 |   0.0 |   274
               +---------+---------+-------+---------+---------+-------+---------
